 Dungeon Crawl Stone Soup version 0.29-a0-802-g34511f41fd (webtiles) character file.

Game seed: 6871314722994655657

202 LynnLen the Digger (level 6, -7/44 HPs)
             Began as a Formicid Earth Elementalist on July 4, 2022.
             Mangled by Crazy Yiuf
             ... wielding a +2 quarterstaff of chaos
              (11 damage)
             ... on level 2 of the Dungeon.
             The game lasted 00:09:37 (1619 turns).

LynnLen the Digger (Formicid Earth Elementalist)    Turns: 1619, Time: 00:09:38

Health: -7/44      AC:  8    Str: 13    XL:     6   Next: 8%
Magic:  10/10      EV: 13    Int: 16    God:
Gold:   98         SH:  0    Dex: 14    Spells: 9/10 levels left

rFire   + . .      SeeInvis +   c - +1 whip (elec)
rCold   . . .      Faith    .   (no shield)
rNeg    . . .      Spirit   .   g - +2 scale mail {rF+}
rPois   .          Reflect  .   (helmet unavailable)
rElec   .          Harm     .   (no cloak)
rCorr   .          Rampage  .   (no gloves)
Will    .....                   (no boots)
Stlth   +.........              (no amulet)
HPRegen 0.14/turn               i - +4 ring of evasion
MPRegen 0.12/turn               (no ring)

@: no status effects
A: permanent stasis, dig shafts and tunnels, antennae 3, four strong arms
a: Dig, Shaft Self


You were on level 2 of the Dungeon.
You visited 1 branch of the dungeon, and saw 2 of its levels.

You collected 98 gold pieces.

Inventory:

Hand Weapons
 c - a +1 whip of electrocution (weapon)
 d - a +3 war axe
Missiles
 f - 4 silver javelins (quivered)
Armour
 g - a +2 scale mail of fire resistance (worn)
Jewellery
 i - a +4 ring of evasion (left hand)
Scrolls
 e - a scroll of silence {unknown}
 k - a scroll of poison
 l - a scroll of vulnerability {unknown}
 m - a scroll of teleportation {unknown}
Potions
 a - a potion of flight {unknown}
 b - 2 potions of magic
 h - 2 potions of brilliance {unknown}
 j - a potion of curing {unknown}


   Skills:
 * Level 2.0 Fighting
 + Level 1.5 Axes
 * Level 3.0 Armour
 + Level 2.0 Dodging
 + Level 3.0 Stealth
 + Level 2.8 Spellcasting
 + Level 1.1 Transmutations
 + Level 4.6 Earth Magic


You had 9 spell levels left.
You knew the following spells:

 Your Spells              Type           Power      Damage    Failure   Level
a - Sandblast             Erth           34%        2d9       13%         1

Your spell library contained the following spells:

 Spells                   Type           Power      Damage    Failure   Level
 Passwall                 Tmut/Erth      9%         N/A       38%         2
 Necrotise                Necr           8%         1d4       65%         1
 Stone Arrow              Conj/Erth      18%        3d8       69%         3
 Ensorcelled Hibernation  Hex/Ice        4%         N/A       78%         2
 Petrify                  Tmut/Erth      11%        N/A       95%         4
 Ice Form                 Ice/Tmut       4%         N/A       100%        4
 Borgnjor's Revivificati  Necr           1%         N/A       100%        8


Dungeon Overview and Level Annotations

Branches:
Dungeon (2/15)

Altars:

Annotations:
D:2 Crazy Yiuf


Innate Abilities, Weirdness & Mutations

You cannot be hasted, slowed, berserked, paralysed or teleported.
You can dig through walls and to a lower floor.
You have a pair of large antennae on your head. (SInv)
Your four strong arms can wield two-handed weapons with a shield.


Message History

Press: ? - help, Q - select action, (/) - cycle Shift-Dir - straight line, f - Crazy Yiuf
Aim: Crazy Yiuf, wielding a +2 quarterstaff of chaos and wearing a +0 cloak (63% to hit, chaotic)
You throw a silver javelin.
The silver javelin pierces through Crazy Yiuf.
The silver sears Crazy Yiuf!
Crazy Yiuf is heavily wounded.
Crazy Yiuf screams, "Goober cower shrimp!"
Crazy Yiuf completely misses you.
Throw: 5 javelins (silver)
Press: ? - help, Q - select action, (/) - cycle Shift-Dir - straight line, f/p - Crazy Yiuf
Aim: Crazy Yiuf, wielding a +2 quarterstaff of chaos and wearing a +0 cloak (heavily wounded, 63% to hit, chaotic)
You throw a silver javelin.
The silver javelin pierces through Crazy Yiuf.
The silver sears Crazy Yiuf!
Crazy Yiuf is heavily wounded.
Crazy Yiuf says, "Crazy?
Crazy!?
PORCUPINE!"
Crazy Yiuf completely misses you.
Crazy Yiuf cries, "Hack!
Ten mobile poople."
Crazy Yiuf misses you.
Casting: Sandblast (safe; 13% risk of failure)
Confirm with . or Enter, or press ? or * to list all spells.
Okay, then.
You hit Crazy Yiuf.
Crazy Yiuf is severely wounded.
Crazy Yiuf hits you with a +2 quarterstaff of chaos.
Crazy Yiuf freezes you.
You hit Crazy Yiuf but do no damage.
Crazy Yiuf is severely wounded.
Crazy Yiuf closely misses you.
You closely miss Crazy Yiuf.
Crazy Yiuf is severely wounded.
Crazy Yiuf hits you with a +2 quarterstaff of chaos!
You are electrocuted!!
* * * LOW HITPOINT WARNING * * *
You closely miss Crazy Yiuf.
Crazy Yiuf is severely wounded.
Crazy Yiuf hits you with a +2 quarterstaff of chaos.
* * * LOW HITPOINT WARNING * * *
You are electrocuted!
You die...

.#....## #
#....#
.#..#..#.##
#....#
##..#..#...
♣..PP♣
........#
♣.♣P♣♣
#.......#
♣♣.♣♣
......#...
♣.♣♣
#.....#..#
♣♣.♣
#.....# #
♣.♣♣
#.....#
♣♣@♣
#.........#
#g#
#########.#
... #...#
#.()# #####


You could see Crazy Yiuf.

Vanquished Creatures
  Sigmund (D:2)
  Terence (D:2)
  A dart slug (D:1)
  2 endoplasms (D:2)
  A hobgoblin (D:2)
  A ball python (D:2)
  3 bats
  2 frilled lizards
  3 goblins (D:1)
  2 kobolds (D:2)
  2 rats
19 creatures vanquished.

Vanquished Creatures (others)
  2 fungi (D:2)
2 creatures vanquished.

Grand Total: 21 creatures vanquished

Notes
Turn   | Place    | Note
-------+----------+-------------------------------------------
     0 | D:1      | LynnLen the Formicid Earth Elementalist began the quest for
                  | the Orb.
     0 | D:1      | Reached XP level 1. HP: 13/13 MP: 3/3
   223 | D:1      | Reached XP level 2. HP: 15/20 MP: 5/5
   291 | D:1      | Found a faded altar of an unknown god.
  1066 | D:2      | Noticed Sigmund
  1085 | D:2      | HP: 1/20 [Sigmund/+0 scythe (8)]
  1086 | D:2      | Killed Sigmund
  1087 | D:2      | Reached skill level 1 in Axes
  1087 | D:2      | Reached skill level 4 in Earth Magic
  1087 | D:2      | Reached XP level 3. HP: 2/27 MP: 5/7
  1087 | D:2      | Reached XP level 4. HP: 3/33 MP: 5/8
  1087 | D:2      | Reached XP level 5. HP: 3/38 MP: 5/9
  1383 | D:2      | Got the Reference Book on the Frostbite and Evil
  1427 | D:2      | Noticed Terence
  1440 | D:2      | Killed Terence
  1441 | D:2      | Reached XP level 6. HP: 38/44 MP: 6/10
  1609 | D:2      | Found a runed translucent door.
  1610 | D:2      | Noticed Crazy Yiuf
  1619 | D:2      | Mangled by Crazy Yiuf

Illustrated notes

Levels and vault maps discovered:
D:1:      dpeg_arrival_solitude, layout_rooms, shapermc_ecumenical_altar_petra
D:2:      layout_basic, uniq_sigmund, uniq_terence, uniq_crazy_yiuf_cottage

Skill      XL: |  1  2  3  4  5 |
---------------+----------------+-----
Fighting       | 2 |  2.0
Axes           | 1 |  1.5
Armour         | 2 3 |  3.0
Dodging        | 2 |  2.0
Stealth        | 3 |  3.0
Earth Magic    | 4 |  4.6
Spellcasting   | |  2.8
Transmutations | |  1.1

Action                   |  1- 3 |  4- 6 || total
-------------------------+-------+-------++-------
Melee: War axe           |    25 |     6 ||    31
       Whip              |       |    21 ||    21
Throw: Javelin           |       |     2 ||     2
 Cast: Sandblast         |     4 |     3 ||     7
  Use: Scroll            |     2 |       ||     2
Armor: Scale mail        |    17 |     7 ||    24
Dodge: Dodged            |    18 |    15 ||    33

Table legend: (Time is in decaauts)
 A = Elapsed time spent in this place.
 B = Non-inter-level travel time spent in this place.
 C = Inter-level travel time spent in this place.
 D = Time resting spent in this place.
 E = Time spent auto-exploring this place.
 F = Levels seen in this place.
 G = Mean time per level.
                   A        B        C        D        E       F      G
               +--------+--------+--------+--------+--------+-----+--------+
         Total |   1642 |   1642 |      0 |    578 |    338 |   2 |  821.0 |
       Dungeon |   1642 |   1642 |      0 |    578 |    338 |   2 |  821.0 |
               +--------+--------+--------+--------+--------+-----+--------+

Top non-repeatable levels by time:
     D:1: 925 daAuts
     D:2: 716 daAuts
